[Event "Titled Tuesday Blitz May 23 Late 2023"]
[White "Duda, Jan-Krzysztof"]
[Black "Fernandez Guillen, Ernesto J."]
[WhiteFideId "1170546"]
[BlackFideId "3512428"]
[WhiteElo "2790"]
[BlackElo "2429"]
[Result "1-0"]
[Round "06"]
[TimeControl "180+2"]
[Date "2023.05.23"]
[WhiteClock "0:00:02"]
[BlackClock "0:00:00"]

1. d4 Nf6 2. Bf4 b6 3. e3 Bb7 4. c4 e6 5. a3 Be7 6. Nc3 O-O 7. Nf3 d5 8. Qc2 c5 9. O-O-O Nbd7 10. Kb1 a6 11. cxd5 exd5 12. Ne5 Rc8 13. f3 b5 14. dxc5 Bxc5 15. Qf5 Nb6 16. Bd3 g6 17. Qg5 Nh5 18. Qh6 Nxf4 19. exf4 Qf6 20. Ng4 Qg7 21. Qh4 f5 22. Ne5 b4 23. axb4 Bxb4 24. Na2 Be7 25. Qg3 Bf6 26. h4 Rfe8 27. h5 Bxe5 28. fxe5 Qxe5 29. f4 Qg7 30. Rh3 Na4 31. Qf2 d4 32. Bxf5 Rc6 33. Bc2 Nxb2 34. Bb3+ Kf8 35. Qxb2 Rb6 36. Qa3+ Re7 37. hxg6 Be4+ 38. Kb2 d3+ 39. Nc3 Rc6 40. Qb4 a5 41. Qxa5 Rec7 42. Rxh7 Qxc3+ 43. Qxc3 Rxc3 44. g7+ Rxg7 45. Rh8+ 1-0


[Site "https://www.chess.com"]

[Event "Titled Tuesday Blitz May 23 Late 2023"]
[White "Milikow, Yoav"]
[Black "Andreikin, Dmitry"]
[WhiteFideId "2822237"]
[BlackFideId "4158814"]
[WhiteElo "2410"]
[BlackElo "2736"]
[Result "0-1"]
[Round "06"]
[TimeControl "180+2"]
[Date "2023.05.23"]
[WhiteClock "0:00:01"]
[BlackClock "0:00:24"]

1. d4 g6 2. c4 Bg7 3. Nc3 c5 4. d5 f5 5. h4 Nf6 6. h5 Nxh5 7. e4 d6 8. exf5 Nf6 9. fxg6 hxg6 10. Rxh8+ Bxh8 11. Bd3 Bf5 12. Bxf5 gxf5 13. Nge2 Na6 14. Nf4 Qa5 15. Ne6 Nc7 16. Qe2 Nfxd5 17. cxd5 Bxc3+ 18. bxc3 Qxc3+ 19. Qd2 Qe5+ 20. Qe3 Qxe3+ 21. fxe3 Nxd5 22. Ng7+ Kd7 23. Nxf5 Rg8 24. Nh4 Rg4 25. Nf3 Rxg2 26. a4 Nb4 27. Kf1 Rc2 28. Bd2 a5 29. Ke2 e5 30. Ne1 Rb2 31. Kd1 Kc6 32. Kc1 Rb3 33. Rb1 Ra3 34. Kb2 Ra2+ 35. Kc3 Nd5+ 36. Kd3 e4+ 37. Ke2 Nc3+ 0-1


[Site "https://www.chess.com"]

[Event "Titled Tuesday Blitz May 23 Late 2023"]
[White "Martinez Alcantara, Jose Eduardo"]
[Black "Pakleza, Zbigniew"]
[WhiteFideId "3805662"]
[BlackFideId "1119290"]
[WhiteElo "2711"]
[BlackElo "2410"]
[Result "1-0"]
[Round "06"]
[TimeControl "180+2"]
[Date "2023.05.23"]
[WhiteClock "0:00:24"]
[BlackClock "0:00:00"]

1. e4 e5 2. Nf3 d6 3. Nc3 Nf6 4. Bc4 Be7 5. d3 O-O 6. a3 c6 7. Ba2 Be6 8. Bxe6 fxe6 9. O-O Qe8 10. h3 Nbd7 11. Ne2 Nh5 12. Ng3 Nf4 13. c3 Qg6 14. d4 exd4 15. cxd4 d5 16. Re1 Rae8 17. Kh2 Bd6 18. e5 Bc7 19. Bxf4 Rxf4 20. b4 Ref8 21. Rc1 Bb6 22. Rc3 h6 23. Ne2 R4f7 24. Qb3 a6 25. a4 Ba7 26. Rec1 Nb6 27. b5 axb5 28. axb5 Nc4 29. bxc6 bxc6 30. Rxc4 dxc4 31. Rxc4 Qe4 32. Qe3 Qd5 33. Ra4 Rxf3 34. gxf3 Rxf3 35. Nf4 Rxe3 36. Nxd5 Re2 37. Ne7+ Kf7 38. Nxc6 Bb6 39. Rb4 Rxf2+ 40. Kg3 Bxd4 41. Nxd4 Rd2 42. Kf4 g5+ 43. Ke4 Rh2 44. Rb7+ Kg6 45. Nxe6 Rxh3 46. Kd5 g4 47. Nf4+ Kf5 48. Rf7+ Kg5 49. Nxh3+ gxh3 50. e6 1-0


[Site "https://www.chess.com"]

[Event "Titled Tuesday Blitz May 23 Late 2023"]
[White "Checa, Nicolas"]
[Black "Holt, Conrad"]
[WhiteFideId "2069342"]
[BlackFideId "2034387"]
[WhiteElo "2507"]
[BlackElo "2592"]
[Result "1/2-1/2"]
[Round "06"]
[TimeControl "180+2"]
[Date "2023.05.23"]
[WhiteClock "0:00:04"]
[BlackClock "0:00:04"]

1. d4 d5 2. c4 c6 3. Nf3 Nf6 4. g3 dxc4 5. Bg2 b5 6. O-O Bb7 7. Nc3 e6 8. b3 b4 9. Na4 c3 10. Qc2 Nbd7 11. Rd1 Be7 12. a3 a5 13. Bf4 Nd5 14. Bc1 O-O 15. e4 N5b6 16. Nc5 Qc8 17. Nxb7 Qxb7 18. e5 a4 19. Ng5 g6 20. Ne4 Nd5 21. Nd6 Bxd6 22. exd6 Rfc8 23. Rb1 bxa3 24. Bxa3 Qa6 25. Bf1 axb3 26. Rxb3 Qa4 27. Bd3 Rcb8 28. Rdb1 Rb6 29. Bc5 Rxb3 30. Qxb3 Nxc5 31. dxc5 Qd4 32. d7 Qxc5 33. Ba6 Rd8 34. Bc8 c2 35. Rc1 Nb4 36. Qb2 Qe7 37. Qd4 c5 38. Qc4 e5 39. Qc3 h6 40. Qd2 h5 41. h3 Kg7 42. Qe3 Qd6 43. Kg2 Qd5+ 44. Kh2 Qd4 45. Qe2 Qd5 46. Qe3 Qd6 47. Qe2 Kf8 48. Qe3 Kg8 49. h4 Kg7 50. Qe2 Qd4 51. Kg2 Rxd7 52. Bxd7 Qd5+ 53. Kh2 Qxd7 54. Qxe5+ Kh7 55. Qxc5 Qd2 56. Qc4 Qxc1 57. Qxf7+ Kh8 58. Qf8+ Kh7 59. Qf7+ Kh8 60. Qf8+ Kh7 61. Qf7+ 1/2-1/2


[Site "https://www.chess.com"]

[Event "Titled Tuesday Blitz May 23 Late 2023"]
[White "Hakobyan, Aram"]
[Black "Makridis, Dimitrios"]
[WhiteFideId "13306677"]
[BlackFideId "25864475"]
[WhiteElo "2584"]
[BlackElo "2277"]
[Result "1-0"]
[Round "06"]
[TimeControl "180+2"]
[Date "2023.05.23"]
[WhiteClock "0:02:03"]
[BlackClock "0:02:01"]

1. d4 Nf6 2. c4 e6 3. Nc3 d5 4. Nf3 h6 5. a3 dxc4 6. e4 a6 7. Bxc4 b5 8. Ba2 Be7 9. e5 Nd5 10. Nxd5 exd5 11. O-O Be6 12. Qc2 Nd7 13. Be3 O-O 14. Bb1 f5 15. Qc6 1-0


[Site "https://www.chess.com"]

[Event "Titled Tuesday Blitz May 23 Late 2023"]
[White "Schmakel, Sam"]
[Black "Bortnyk, Mykola"]
[WhiteFideId "2039311"]
[BlackFideId "14120836"]
[WhiteElo "2356"]
[BlackElo "2582"]
[Result "0-1"]
[Round "06"]
[TimeControl "180+2"]
[Date "2023.05.23"]
[WhiteClock "0:00:00"]
[BlackClock "0:00:20"]

1. d4 d5 2. c4 e6 3. Nc3 Bb4 4. e3 Nf6 5. a3 Be7 6. Nf3 O-O 7. Qc2 Nbd7 8. cxd5 exd5 9. Be2 c5 10. O-O c4 11. b3 Nb6 12. bxc4 dxc4 13. Ne5 Be6 14. Rb1 Rc8 15. Rd1 Nfd7 16. Nf3 Bg4 17. h3 Bh5 18. e4 Kh8 19. a4 a5 20. Be3 Bg6 21. Ne5 Bb4 22. Na2 Qe7 23. f4 Nd5 24. Bc1 Nxe5 25. dxe5 Bc5+ 26. Kh1 Ne3 27. Bxe3 Bxe3 28. f5 Qxe5 29. Nc3 Ba7 30. fxg6 Bb8 31. Kg1 fxg6 32. Bf3 Qh2+ 33. Kf2 Rxf3+ 0-1


[Site "https://www.chess.com"]

[Event "Titled Tuesday Blitz May 23 Late 2023"]
[White "Kuznetsov, Felix"]
[Black "Sjugirov, Sanan"]
[WhiteFideId "34147990"]
[BlackFideId "4189302"]
[WhiteElo "2281"]
[BlackElo "2569"]
[Result "0-1"]
[Round "06"]
[TimeControl "180+2"]
[Date "2023.05.23"]
[WhiteClock "0:00:00"]
[BlackClock "0:01:13"]

1. e4 c5 2. Nf3 d6 3. d4 cxd4 4. Nxd4 Nf6 5. Nc3 a6 6. Be3 e5 7. Nb3 Be6 8. Qd2 Be7 9. O-O-O O-O 10. f4 Ng4 11. g3 Nxe3 12. Qxe3 Nd7 13. Kb1 Nf6 14. f5 Bd7 15. g4 Nxg4 16. Qg3 Nf6 17. Rg1 g6 18. Bc4 Kh8 19. fxg6 fxg6 20. Nd5 Rc8 21. Nxf6 Rxf6 22. Bd5 Qc7 23. c3 Rcf8 24. Qh4 Bc6 25. Qh6 Bxd5 26. exd5 Qc4 27. h4 Qf4 28. Qxf4 Rxf4 29. Na5 b5 30. Nc6 Bxh4 31. Nb4 a5 32. Nc6 a4 33. a3 Kg7 34. Na7 Bf2 0-1


[Site "https://www.chess.com"]

[Event "Titled Tuesday Blitz May 23 Late 2023"]
[White "Yanchenko, Roman"]
[Black "Kramnik, Vladimir"]
[WhiteFideId "4137329"]
[BlackFideId "4101588"]
[WhiteElo "2491"]
[BlackElo "2703"]
[Result "0-1"]
[Round "06"]
[TimeControl "180+2"]
[Date "2023.05.23"]
[WhiteClock "0:00:04"]
[BlackClock "0:00:03"]

1. d4 Nf6 2. Nf3 d5 3. Bf4 c5 4. c3 Nc6 5. e3 Qb6 6. Qc1 cxd4 7. exd4 Bf5 8. Nbd2 e6 9. Be2 Be7 10. O-O O-O 11. Ne5 Rfc8 12. Nxc6 Qxc6 13. Qd1 b5 14. a3 a5 15. Qb3 b4 16. axb4 axb4 17. Rxa8 Qxa8 18. c4 dxc4 19. Nxc4 Qe4 20. Be3 Nd5 21. Bf3 Qd3 22. Na5 Qb5 23. Ra1 Bc2 24. Qa2 b3 25. Qa4 Qxa4 26. Rxa4 Ra8 27. Ra1 Bb4 28. Nxb3 Rb8 29. Bxd5 exd5 30. Nc5 Re8 31. Rc1 Bf5 32. h3 h5 33. Kh2 f6 34. Kg3 Kf7 35. h4 Kg6 36. Kh2 Ra8 37. Nb3 Ra2 38. Bd2 Bd6+ 39. Kg1 Rxb2 40. Rc3 Bg4 41. f3 Bf5 42. Re3 Bf4 43. Re2 Bd3 44. Rf2 Bg3 45. Nc1 Bxf2+ 46. Kxf2 Rxd2+ 47. Ke3 Rxg2 48. Nxd3 Rh2 49. Nf4+ Kf5 50. Nxd5 g5 51. Ne7+ Ke6 52. Ng6 gxh4 53. Nf4+ Kd6 54. Nxh5 h3 55. Nf4 Rh1 56. Kf2 Rd1 57. Kg3 Rxd4 58. Nxh3 Ke5 59. Nf2 Kf5 60. Ng4 Rd3 61. Nh6+ Kg6 62. Ng4 Kg5 63. Nf2 Kf5 64. Nh3 Rc3 65. Nf2 Rb3 66. Nh3 Ra3 67. Nf2 Ke5 68. Ng4+ Ke6 69. Kf4 Ra4+ 70. Kg3 Kf5 71. Nf2 Kg5 72. Nh3+ Kg6 73. Nf2 Kf5 74. Nh3 Rc4 75. Nf2 Rb4 76. Nh3 Rb3 77. Nf2 Ke5 78. Ng4+ Ke6 79. Kf4 Rb4+ 80. Kg3 Kf5 81. Nf2 Kg5 82. Nh3+ Kg6 83. Nf4+ Kf5 84. Nd5 Rd4 85. Ne3+ Kg5 86. Ng4 f5 87. Nf2 f4+ 88. Kh3 Kf5 89. Ng4 Rd3 90. Kg2 Rd2+ 91. Kf1 Kg5 92. Nf2 Rc2 93. Nh3+ Kf5 94. Kg1 Rd2 95. Kf1 Ke5 96. Kg1 Rd6 97. Kf2 Rh6 98. Ng5 Rh2+ 99. Kg1 Rh5 100. Ne4 Kd4 101. Nf6 Rh3 102. Kg2 Rg3+ 103. Kf2 Rh3 104. Kg2 Rh8 105. Kf2 Rh2+ 106. Kg1 Ra2 107. Ng4 Kd3 108. Kf1 Kd4 109. Ke1 Rg2 110. Kf1 Rb2 111. Ke1 Ra2 112. Kf1 Kd3 113. Ke1 Rb2 114. Kf1 Kd2 115. Kf2 Ra2 116. Ne5 Kd1+ 117. Kf1 Rd2 118. Ng6 Rd4 119. Kf2 Kd2 120. Nh4 Kd3 121. Ng6 Ra4 122. Ne5+ Kd4 123. Ng6 Ra2+ 124. Kg1 Ke3 125. Ne5 Rc2 126. Kf1 Rf2+ 127. Kg1 Ra2 128. Kf1 Rc2 129. Kg1 Rc5 130. Nd7 Rg5+ 131. Kf1 Kxf3 132. Nf6 Ke3 133. Ne8 f3 134. Nc7 Rc5 135. Ne6 Rc1# 0-1


[Site "https://www.chess.com"]

[Event "Titled Tuesday Blitz May 23 Late 2023"]
[White "Papasimakopoulos, Alexandros"]
[Black "Terry, Renato"]
[WhiteFideId "4244125"]
[BlackFideId "3803457"]
[WhiteElo "2359"]
[BlackElo "2575"]
[Result "1-0"]
[Round "06"]
[TimeControl "180+2"]
[Date "2023.05.23"]
[WhiteClock "0:00:52"]
[BlackClock "0:00:03"]

1. d4 e6 2. c4 Bb4+ 3. Bd2 Qe7 4. g3 Nf6 5. Bg2 O-O 6. e3 Bxd2+ 7. Qxd2 d6 8. Nc3 e5 9. Nge2 Re8 10. O-O e4 11. h3 c6 12. b4 Nbd7 13. a4 Nb6 14. c5 Nc4 15. Qa2 Be6 16. cxd6 Qxd6 17. Qc2 Qxb4 18. Rfb1 Qe7 19. Nxe4 Nxe4 20. Bxe4 g6 21. Nf4 Nd6 22. Nxe6 Qxe6 23. Bg2 a5 24. Qc5 Re7 25. Rb2 Rd7 26. Rab1 Re8 27. Rc1 h5 28. h4 Ra8 29. Qg5 Ne4 30. Qe5 Nd6 31. Rc5 Qxe5 32. dxe5 Nf5 33. Bh3 Re7 34. Bxf5 gxf5 35. Kg2 Kg7 36. Kf3 Kg6 37. Kf4 Ra7 38. Rd2 Re6 39. Rd7 Re8 40. Rxc6+ bxc6 41. Rxa7 Rb8 42. Rxa5 Rb4+ 43. Kf3 Rc4 44. Ra6 Kg7 45. a5 Kf8 46. Ra8+ Ke7 47. a6 Ra4 48. a7 c5 49. e6 c4 50. exf7 Kxf7 51. Rh8 c3 52. a8=Q Rxa8 53. Rxa8 1-0


[Site "https://www.chess.com"]

[Event "Titled Tuesday Blitz May 23 Late 2023"]
[White "Zemlyanskii, Ivan"]
[Black "Xiong, Jeffery"]
[WhiteFideId "24249971"]
[BlackFideId "2047640"]
[WhiteElo "2421"]
[BlackElo "2726"]
[Result "1/2-1/2"]
[Round "06"]
[TimeControl "180+2"]
[Date "2023.05.23"]
[WhiteClock "0:00:01"]
[BlackClock "0:01:19"]

1. d4 d5 2. Bf4 c5 3. e3 Nf6 4. c3 e6 5. Nf3 Nbd7 6. Nbd2 Be7 7. Ne5 O-O 8. Bd3 Nxe5 9. dxe5 Nd7 10. h4 f5 11. g4 c4 12. Bc2 Nc5 13. gxf5 exf5 14. Nf3 Be6 15. Nd4 Qd7 16. Qf3 b5 17. Ke2 a5 18. Rad1 Rad8 19. Bg5 Bxg5 20. hxg5 g6 21. Qg3 b4 22. Rh4 Rb8 23. Rdh1 bxc3 24. Rxh7 Qxh7 25. Rxh7 Kxh7 26. Qh4+ Kg8 27. Qh6 Bf7 28. e6 Be8 29. e7 Rf7 30. Qxg6+ Rg7 31. Qxf5 Bf7 32. bxc3 Re8 33. Nc6 Ne6 34. Qf6 Bh5+ 35. Ke1 Nxg5 36. Ne5 Rexe7 37. Kf1 Nh3 38. Ke1 Ng5 39. Kf1 Nh3 40. Ke1 Ng5 1/2-1/2


[Site "https://www.chess.com"]

[Event "Titled Tuesday Blitz May 23 Late 2023"]
[White "Dardha, Daniel"]
[Black "Badmatsyrenov, Oleg"]
[WhiteFideId "240990"]
[BlackFideId "24115762"]
[WhiteElo "2581"]
[BlackElo "2396"]
[Result "0-1"]
[Round "06"]
[TimeControl "180+2"]
[Date "2023.05.23"]
[WhiteClock "0:00:08"]
[BlackClock "0:00:16"]

1. e4 c5 2. Qg4 Nc6 3. Qg3 g6 4. c3 Bg7 5. Bb5 Nf6 6. d3 O-O 7. f4 d5 8. e5 Ne8 9. Bxc6 bxc6 10. Nf3 Bf5 11. Nh4 e6 12. Nxf5 exf5 13. O-O Nc7 14. Nd2 Ne6 15. Nf3 Rb8 16. Qf2 Qb6 17. b3 a5 18. Be3 Rfd8 19. Rfc1 Qa6 20. c4 Bf8 21. h3 a4 22. g4 fxg4 23. hxg4 dxc4 24. dxc4 Nd4 25. Nxd4 cxd4 26. Bxd4 Qa5 27. Bc3 Qc7 28. f5 axb3 29. axb3 Rxb3 30. e6 Rxc3 31. Rxc3 Qe5 32. exf7+ Kh8 33. Qg3 Bc5+ 34. Kh1 Qe4+ 35. Qf3 Qe5 36. fxg6 hxg6 37. Rf1 Kg7 38. Qh3 Rh8 39. Qxh8+ Kxh8 40. f8=Q+ Bxf8 41. Rxf8+ Kg7 42. Rcf3 Kh6 43. Kg2 Kg5 44. Rg8 Qe6 45. Ra8 Qe2+ 46. Kg3 Qe1+ 47. Rf2 Qg1+ 48. Kf3 Qxg4+ 49. Ke3 Qg3+ 50. Ke2 Qe5+ 51. Kf1 Qd4 52. Rg2+ Kh6 53. Rh8+ Qxh8 54. Rh2+ Kg7 55. Rxh8 Kxh8 56. Kf2 Kg7 57. Ke3 Kf6 58. Kd4 Ke6 59. Ke4 Kd6 60. Kd4 g5 61. c5+ Ke6 62. Ke4 Kf6 63. Kf3 Kf5 64. Kg3 Ke4 65. Kg4 Kd4 66. Kxg5 Kxc5 67. Kf4 Kd4 68. Kf3 Kd3 69. Kf2 c5 70. Ke1 Kc2 0-1


[Site "https://www.chess.com"]

[Event "Titled Tuesday Blitz May 23 Late 2023"]
[White "Simonian, Hrair"]
[Black "Sanal, Vahap"]
[WhiteFideId "13302337"]
[BlackFideId "6300545"]
[WhiteElo "2447"]
[BlackElo "2606"]
[Result "1-0"]
[Round "06"]
[TimeControl "180+2"]
[Date "2023.05.23"]
[WhiteClock "0:00:50"]
[BlackClock "0:00:00"]

1. e4 c5 2. Nc3 Nc6 3. Bb5 Nd4 4. Bc4 e6 5. Nge2 a6 6. Nxd4 cxd4 7. Ne2 Bc5 8. O-O Ne7 9. a3 O-O 10. Ba2 b5 11. d3 Bb7 12. Ng3 f5 13. Bg5 f4 14. Nf5 Qe8 15. Qg4 Kh8 16. Nxe7 Bxe7 17. Bxf4 Rc8 18. Bb3 Rc5 19. a4 b4 20. a5 h5 21. Qg3 h4 22. Qg4 Rh5 23. h3 Bc8 24. Bd2 e5 25. f4 d5 26. f5 dxe4 27. dxe4 Rh7 28. Qg6 Qd8 29. Qb6 Qe8 30. Bxb4 Bxb4 31. Qxb4 Rh6 32. Rf3 1-0


[Site "https://www.chess.com"]

[Event "Titled Tuesday Blitz May 23 Late 2023"]
[White "Domingo Nunez, Ruben"]
[Black "Zhigalko, Sergei"]
[WhiteFideId "22245570"]
[BlackFideId "13502956"]
[WhiteElo "2404"]
[BlackElo "2626"]
[Result "0-1"]
[Round "06"]
[TimeControl "180+2"]
[Date "2023.05.23"]
[WhiteClock "0:01:04"]
[BlackClock "0:00:17"]

1. c4 e5 2. Nc3 Nf6 3. Nf3 Nc6 4. e4 Bb4 5. d3 d6 6. Be2 h6 7. h3 a5 8. a3 Bc5 9. Bd2 O-O 10. O-O Re8 11. Kh1 Bd7 12. Nd5 Nxd5 13. exd5 Nd4 14. b4 Nxf3 15. Bxf3 Bd4 16. Rb1 axb4 17. axb4 Qh4 18. Be3 Bxh3 19. gxh3 Qxh3+ 20. Kg1 Bxe3 21. fxe3 Ra2 22. Rf2 Qg3+ 23. Rg2 Rxg2+ 24. Bxg2 Qxe3+ 25. Kh1 Ra8 26. Qf3 Qg5 27. Qf2 f5 28. Rg1 Qh5+ 0-1


[Site "https://www.chess.com"]

[Event "Titled Tuesday Blitz May 23 Late 2023"]
[White "Baskakov, Egor"]
[Black "Tejedor Fuente, Enrique"]
[WhiteFideId "24197866"]
[BlackFideId "2299100"]
[WhiteElo "2225"]
[BlackElo "2496"]
[Result "1-0"]
[Round "06"]
[TimeControl "180+2"]
[Date "2023.05.23"]
[WhiteClock "0:00:16"]
[BlackClock "0:00:00"]

1. e4 c5 2. Nf3 d6 3. d4 cxd4 4. Nxd4 Nf6 5. Nc3 e6 6. g3 Bd7 7. Bg2 Nc6 8. O-O a6 9. a4 Be7 10. Nce2 O-O 11. c4 Qa5 12. b3 Rfd8 13. h3 Be8 14. Bd2 Qb6 15. Be3 Qc7 16. Qd2 d5 17. cxd5 exd5 18. Bf4 Bd6 19. Bxd6 Qxd6 20. exd5 Nxd5 21. Rad1 Nf6 22. Qe3 Nxd4 23. Rxd4 Qb6 24. Rfd1 Rxd4 25. Rxd4 Bc6 26. Nf4 Bxg2 27. Kxg2 Qc6+ 28. Qf3 Qxf3+ 29. Kxf3 Rc8 30. Nd5 Nxd5 31. Rxd5 Rc3+ 32. Ke4 g6 33. Rd3 Rc2 34. f3 b5 35. axb5 axb5 36. Rd5 b4 37. Rd4 Rg2 38. Kf4 g5+ 39. Kg4 h5+ 40. Kxg5 Rxg3+ 41. Kh6 Kf8 42. h4 Rxf3 43. Rxb4 Rf5 44. Rb7 Rf6+ 45. Kxh5 Rg6 46. b4 Kg7 47. Rb5 Rh6+ 48. Kg4 Kf8 49. h5 Rd6 50. Rb7 Rd1 51. h6 Re1 52. Rb8+ Ke7 53. h7 Rg1+ 54. Kf3 Rf1+ 55. Ke4 1-0


[Site "https://www.chess.com"]

[Event "Titled Tuesday Blitz May 23 Late 2023"]
[White "Sychev, Klementy"]
[Black "Amburgy, Ryan"]
[WhiteFideId "4114060"]
[BlackFideId "30924820"]
[WhiteElo "2583"]
[BlackElo "2134"]
[Result "1-0"]
[Round "06"]
[TimeControl "180+2"]
[Date "2023.05.23"]
[WhiteClock "0:00:07"]
[BlackClock "0:00:07"]

1. e4 e5 2. Nf3 Nc6 3. Bb5 a6 4. Ba4 Nf6 5. Nc3 b5 6. Bb3 Bc5 7. Nd5 d6 8. c3 h6 9. d4 Ba7 10. a4 O-O 11. axb5 axb5 12. Qd3 Bd7 13. O-O exd4 14. cxd4 Nxd5 15. exd5 Ne7 16. Re1 Ng6 17. Bc2 Qf6 18. h3 Bb6 19. Rxa8 Rxa8 20. Bd2 Kf8 21. Be3 Bc8 22. Nh2 b4 23. Ng4 Bxg4 24. hxg4 Qd8 25. g3 Qd7 26. Qd1 Ne7 27. Qf3 Kg8 28. g5 h5 29. Qxh5 g6 30. Qf3 Re8 31. Kg2 Nf5 32. Bxf5 Qxf5 33. Qxf5 gxf5 34. Rc1 Kg7 35. Rc4 Ra8 36. Rxb4 Ra2 37. Kf3 Kg6 38. Rb3 Ra5 39. Ke2 Rxd5 40. Ra3 Rb5 41. b3 c5 42. dxc5 Bxc5 43. Bxc5 dxc5 44. Kd3 Rb4 45. Kc3 Kxg5 46. Ra5 Rb8 47. Rxc5 Kg4 48. b4 f6 49. b5 Re8 50. Kb4 Re2 51. Rc4+ Kg5 52. b6 Rxf2 53. Kc5 Rh2 54. b7 Rh8 55. Rb4 Rb8 56. Kd6 Rxb7 57. Rxb7 Kg4 58. Rg7+ Kf3 59. Ke6 Ke4 60. Kxf6 f4 61. gxf4 Kxf4 62. Rg6 1-0


[Site "https://www.chess.com"]

[Event "Titled Tuesday Blitz May 23 Late 2023"]
[White "Chor, Kevin"]
[Black "Moroni, Luca Jr"]
[WhiteFideId "2090740"]
[BlackFideId "865834"]
[WhiteElo "2640"]
[BlackElo "2569"]
[Result "0-1"]
[Round "06"]
[TimeControl "180+2"]
[Date "2023.05.23"]
[WhiteClock "0:00:34"]
[BlackClock "0:01:58"]

1. e4 g6 2. d4 Bg7 3. Nc3 a6 4. f4 d5 5. e5 Nh6 6. Nf3 Bg4 7. Be3 Nf5 8. Bf2 h5 9. h3 Bxf3 10. Qxf3 e6 11. O-O-O h4 12. Bd3 Nc6 13. Bxf5 gxf5 14. Kb1 Qe7 15. Ne2 O-O-O 16. c3 Rdg8 17. Rdg1 Bf8 18. g4 hxg3 19. Bxg3 Rg6 20. h4 Rgh6 21. h5 Qe8 22. Rh2 Be7 23. Rgh1 Na5 24. Qd3 f6 25. Qf3 Nc4 26. Nc1 fxe5 27. fxe5 Bg5 28. Bf4 Bxf4 29. Qxf4 Rxh5 30. b3 Nb6 31. Nd3 Nd7 32. c4 dxc4 33. bxc4 Nb6 34. d5 exd5 35. Qxf5+ Rxf5 36. Rxh8 Rf8 0-1


[Site "https://www.chess.com"]

[Event "Titled Tuesday Blitz May 23 Late 2023"]
[White "Krzyzanowski, Marcin"]
[Black "Melikyan, Gnel"]
[WhiteFideId "1132199"]
[BlackFideId "54109990"]
[WhiteElo "2471"]
[BlackElo "2138"]
[Result "1-0"]
[Round "06"]
[TimeControl "180+2"]
[Date "2023.05.23"]
[WhiteClock "0:00:03"]
[BlackClock "0:00:00"]

1. e4 c5 2. Nf3 Nc6 3. Nc3 g6 4. d4 cxd4 5. Nxd4 Bg7 6. Nb3 Nf6 7. Be2 O-O 8. O-O b6 9. Re1 Bb7 10. Bf1 d6 11. Bg5 Rc8 12. Nd5 e6 13. Nxf6+ Bxf6 14. Bh6 Re8 15. c3 Ne5 16. Nd4 d5 17. f4 Nc6 18. e5 Nxd4 19. cxd4 Bg7 20. Bxg7 Kxg7 21. Qa4 Bc6 22. Qa3 Qe7 23. Qxe7 Rxe7 24. Rac1 Bb7 25. Rxc8 Bxc8 26. Rc1 Bb7 27. Kf2 Kf8 28. g4 Ke8 29. f5 Kd8 30. Ke3 exf5 31. gxf5 f6 32. Kf4 g5+ 33. Kg4 fxe5 34. f6 Re6 35. Kxg5 exd4 36. f7 Ke7 37. Rc7+ Kf8 38. Rxb7 Re3 39. Rd7 Rf3 40. Bb5 Rf2 41. Rxd5 Rxb2 42. Bc4 Rg2+ 43. Kf6 Rf2+ 44. Ke6 Re2+ 45. Kd6 Rxh2 46. Rxd4 Rf2 47. Kc7 Kg7 48. Rg4+ Kh6 49. Rg8 Rxf7+ 50. Bxf7 1-0


[Site "https://www.chess.com"]

[Event "Titled Tuesday Blitz May 23 Late 2023"]
[White "Bernabeu Lopez, Carlos Javier"]
[Black "Kravtsiv, Martyn"]
[WhiteFideId "2235366"]
[BlackFideId "14113147"]
[WhiteElo "2344"]
[BlackElo "2695"]
[Result "1-0"]
[Round "06"]
[TimeControl "180+2"]
[Date "2023.05.23"]
[WhiteClock "0:00:13"]
[BlackClock "0:00:00"]

1. e4 e5 2. Nf3 Nc6 3. d4 exd4 4. Nxd4 Nf6 5. Nc3 Bb4 6. Nxc6 bxc6 7. Bd3 O-O 8. O-O d5 9. exd5 cxd5 10. Bg5 c6 11. Qf3 Rb8 12. Bxf6 Qxf6 13. Qxf6 gxf6 14. Rad1 Be6 15. Ne2 Bd6 16. b3 c5 17. Ng3 Rfd8 18. Rfe1 Be5 19. Bf5 c4 20. Bxe6 fxe6 21. Ne2 Kf7 22. g3 Rbc8 23. Nd4 Bxd4 24. Rxd4 e5 25. Rh4 Kg6 26. Rg4+ Kf7 27. Rh4 Kg7 28. Rg4+ Kf8 29. Rh4 Rd7 30. Re2 d4 31. Kg2 Kg7 32. Rd2 Rdc7 33. b4 c3 34. Rd1 Rc4 35. a3 Rb8 36. Rg4+ Kf7 37. Rh4 Kg8 38. Rg4+ Kf8 39. Rh4 Rb7 40. Kf3 f5 41. Rh5 Rf7 42. Ke2 e4 43. f3 exf3+ 44. Kxf3 a5 45. bxa5 Ra4 46. Rh4 Rxa5 47. Rhxd4 Rxa3 48. Rd8+ Kg7 49. Rc8 Re7 50. Rd3 Ra1 51. Rcxc3 Rf1+ 52. Kg2 Rfe1 53. Rf3 R1e2+ 54. Rf2 R2e5 55. Rcf3 Kg6 56. c4 Rc5 57. Rf4 Re4 58. Rc2 h5 59. Kf3 Re6 60. Rd4 Kf6 61. Rd5 Rec6 62. Rxc5 Rxc5 63. Kf4 Ra5 64. c5 Ra4+ 65. Kf3 Ke5 66. c6 Ra3+ 67. Kf2 Ra8 68. c7 Rc8 69. Kf3 1-0


[Site "https://www.chess.com"]

[Event "Titled Tuesday Blitz May 23 Late 2023"]
[White "Gubajdullin, Alexei"]
[Black "Mekhitarian, Krikor Sevag"]
[WhiteFideId "4141202"]
[BlackFideId "2107660"]
[WhiteElo "2279"]
[BlackElo "2604"]
[Result "0-1"]
[Round "06"]
[TimeControl "180+2"]
[Date "2023.05.23"]
[WhiteClock "0:00:00"]
[BlackClock "0:00:05"]

1. d4 d5 2. Nf3 Nf6 3. Bf4 c5 4. e3 Nc6 5. Nbd2 e6 6. c3 Nh5 7. Bg5 Qb6 8. dxc5 Bxc5 9. b4 Be7 10. b5 Na5 11. Bxe7 Kxe7 12. Qa4 Nf6 13. Qb4+ Ke8 14. c4 dxc4 15. Bxc4 Qd8 16. O-O b6 17. Rfd1 Qe7 18. a3 Bb7 19. Be2 Nd5 20. Qg4 Kf8 21. Rdc1 h5 22. Qg5 Rd8 23. Qe5 Qf6 24. Rc2 Qxe5 25. Nxe5 Rc8 26. Rxc8+ Bxc8 27. Rc1 Ke7 28. h4 Rd8 29. Ndf3 f6 30. Nc6+ Nxc6 31. bxc6 Nc7 32. Nd4 a6 33. Bxh5 e5 34. Nf3 Rd6 35. Bg6 Be6 36. Be4 Bf7 37. g4 Be8 38. h5 b5 39. Nh4 Kf8 40. Nf5 Rd2 41. Kf1 a5 42. Ke1 Rd8 43. Rd1 Rb8 44. Nd6 b4 45. axb4 axb4 46. Rb1 Bf7 47. Nxf7 Kxf7 48. Bd3 Ke7 49. f3 Kd6 50. Be4 Ke7 51. Kd2 Ne6 52. Kc2 Nc5 53. Bf5 Kd6 54. f4 Kxc6 55. g5 exf4 0-1


[Site "https://www.chess.com"]

[Event "Titled Tuesday Blitz May 23 Late 2023"]
[White "Rostovtsev, Dmitry"]
[Black "Gurevich, Dmitry"]
[WhiteFideId "34278320"]
[BlackFideId "2000407"]
[WhiteElo "2344"]
[BlackElo "2506"]
[Result "1/2-1/2"]
[Round "06"]
[TimeControl "180+2"]
[Date "2023.05.23"]
[WhiteClock "0:00:08"]
[BlackClock "0:00:14"]

1. e4 c5 2. Nf3 d6 3. d4 cxd4 4. Qxd4 a6 5. Nc3 e6 6. Be2 Nf6 7. O-O Be7 8. Rd1 O-O 9. h3 b5 10. a4 Nc6 11. Qe3 b4 12. Nb1 Qc7 13. Nbd2 Bb7 14. b3 d5 15. e5 Nd7 16. Bb2 Bc5 17. Qg5 h6 18. Qh5 Qb6 19. Rf1 Rad8 20. Bd3 Nd4 21. Nxd4 Bxd4 22. Bxd4 Qxd4 23. Nf3 Qc3 24. Qg4 Nxe5 25. Nxe5 Qxe5 26. Qxb4 Qc7 27. a5 e5 28. Rfd1 e4 29. Bf1 f5 30. Qb6 Qxb6 31. axb6 Rf6 32. Bxa6 Rxb6 33. Bxb7 Rxb7 34. Ra5 Rbd7 35. h4 Kf7 36. Rd4 Ke6 37. c4 dxc4 38. Rxc4 Rd1+ 39. Kh2 R1d2 40. Ra6+ R8d6 41. Rxd6+ Kxd6 42. Kg1 g5 43. h5 Ke5 44. Rc6 Rd1+ 45. Kh2 Rd2 46. Kg1 Rd1+ 47. Kh2 Rd2 48. Kg1 1/2-1/2


[Site "https://www.chess.com"]

[Event "Titled Tuesday Blitz May 23 Late 2023"]
[White "Safin, Robert"]
[Black "Svane, Rasmus"]
[WhiteFideId "34189120"]
[BlackFideId "4657101"]
[WhiteElo "2295"]
[BlackElo "2601"]
[Result "0-1"]
[Round "06"]
[TimeControl "180+2"]
[Date "2023.05.23"]
[WhiteClock "0:00:00"]
[BlackClock "0:00:18"]

1. e4 c6 2. d4 d5 3. Nc3 dxe4 4. Nxe4 Nf6 5. Nxf6+ exf6 6. Bd3 Bd6 7. c3 O-O 8. Ne2 Re8 9. O-O Nd7 10. Bf4 Nf8 11. Qd2 Ng6 12. Bxd6 Qxd6 13. Rfe1 Bd7 14. Ng3 Qf4 15. Qc2 Rad8 16. Nf1 Qg5 17. Qd2 Nf4 18. g3 Nh3+ 19. Kg2 Qd5+ 20. f3 Ng5 21. Qf4 Bh3+ 22. Kf2 Bxf1 23. Bxf1 c5 24. dxc5 Qxc5+ 25. Kg2 Qb6 26. b3 Qc6 27. c4 h5 28. h4 Ne6 29. Qe3 Nd4 30. Qf2 Nf5 31. Rxe8+ Rxe8 32. Re1 Rd8 33. Qe2 Qc7 34. f4 g6 35. Qf2 Kg7 36. Be2 Rd2 0-1


[Site "https://www.chess.com"]